 Dungeon Crawl Stone Soup version 0.18.1-48-g4cf74bf (webtiles) character file.

17588 Joat the Infuser (level 12, 0/71 HPs)
             Began as a Deep Elf Conjurer on Aug 20, 2016.
             Was an Elder of Sif Muna.
             Slain by a yak (10 damage)
             ... on level 3 of the Lair of Beasts.
             The game lasted 01:42:33 (16322 turns).

Joat the Infuser (Deep Elf Conjurer)               Turns: 16322, Time: 01:42:34

Health: 0/71       AC:  5    Str:  5    XL:     12   Next: 20%
Magic:  21/37      EV: 26    Int: 26    God:    Sif Muna [****..]
Gold:   555        SH:  0    Dex: 20    Spells: 5 memorised, 14 levels left

rFire  . . .     SeeInvis +     Q - +6 quarterstaff "Udwiyff" {speed, MP+9}
rCold  . . .     Gourm    .     a - +0 robe
rNeg   . . .     Faith    .     (shield currently unavailable)
rPois  +         Spirit   .     Z - +0 helmet
rElec  .         Dismiss  .     (no cloak)
rCorr  .         Reflect  .     o - +1 pair of gloves
SustAt .         Harm     .     (no boots)
MR     +....                    G - amulet of regeneration
Stlth  ++++......               T - ring of see invisible
                                p - ring of poison resistance

@: agile, hasted, repel missiles, very quick, somewhat resistant to hostile
enchantments, stealthy
A: no striking features
a: Channel Energy, Forget Spell, Renounce Religion


You were on level 3 of the Lair of Beasts.
You worshipped Sif Muna.
Sif Muna was greatly pleased with you.
You were not hungry.

You visited 3 branches of the dungeon, and saw 15 of its levels.

You collected 814 gold pieces.
You spent 259 gold pieces at shops.

Inventory:

Hand Weapons
 e - a +0 dagger
 n - a +3 dagger of chaos
 t - the +4 quarterstaff "Gram" {flame, rElec MR+ Dex-4}
   (You found it on level 4 of the Dungeon)

   It has been specially enchanted to burn those struck by it, causing extra
   injury to most foes and up to half again as much damage against particularly
   susceptible opponents.
   It affects your dexterity (-4).
   It insulates you from electricity.
   It affects your resistance to hostile enchantments.
 Q - the +6 quarterstaff "Udwiyff" (weapon) {speed, MP+9}
   (You found it on level 1 of the Lair of Beasts)

   Attacks with this weapon are significantly faster.
   It affects your magic capacity (+9).
Armour
 a - a +0 robe (worn)
 d - a cursed +0 shield
 l - the +4 scale mail of Elyvilon's Castigation {+Inv rC+ Dex+3}
   (You took it off a big kobold on level 11 of the Dungeon)

   It affects your dexterity (+3).
   It protects you from cold.
   It lets you turn invisible.
 o - a +1 pair of gloves (worn)
 N - a +0 buckler
 Z - a +0 helmet (worn)
Jewellery
 p - a ring of poison resistance (left hand)
 u - an uncursed amulet of dismissal
 v - a +3 amulet of reflection
 G - an amulet of regeneration (around neck)
 T - a ring of see invisible (right hand)
Wands
 q - a wand of digging (15/24)
Scrolls
 f - 3 scrolls of enchant armour
 g - 2 scrolls of enchant weapon
 h - 2 scrolls of amnesia
 k - a scroll of fog
 w - 4 scrolls of fear
 C - 9 scrolls of remove curse
 S - 2 scrolls of identify
Potions
 i - a potion of magic
 r - 2 potions of mutation
 s - 2 potions of flight
 D - a potion of might
 H - 2 potions of cure mutation
 L - 5 potions of curing
 M - a potion of resistance
 Y - a potion of cancellation
Books
 b - a book of Conjurations

   Spells                             Type                      Level
   a - Magic Dart                     Conjuration                  1
   b - Searing Ray                    Conjuration                  2
   c - Dazzling Spray                 Conjuration/Hexes            3
   d - Fulminant Prism                Conjuration/Hexes            4
   e - Iskenderun's Mystic Blast      Conjuration                  4
   f - Iskenderun's Battlesphere      Conjuration/Charms           5
 E - a book of Ice

   Spells                             Type                      Level
   a - Ice Form                       Ice/Transmutation            4
   b - Metabolic Englaciation         Hexes/Ice                    5
   c - Ozocubu's Refrigeration        Ice                          6
   d - Bolt of Cold                   Conjuration/Ice              6
   e - Freezing Cloud                 Conjuration/Ice/Air          6
   f - Simulacrum                     Ice/Necromancy               6
 P - a book of Air

   Spells                             Type                      Level
   a - Shock                          Conjuration/Air              1
   b - Swiftness                      Charms/Air                   2
   c - Repel Missiles                 Charms/Air                   2
   d - Static Discharge               Conjuration/Air              3
   e - Lightning Bolt                 Conjuration/Air              5
 V - the Catalogue of Translocation and Shape Shifting
   (You found it on level 2 of the Lair of Beasts)

   Spells                             Type                      Level
   a - Apportation                    Translocation                1
   b - Beastly Appendage              Transmutation                1
   c - Sticks to Snakes               Transmutation                2
   d - Passage of Golubria            Translocation                4
   e - Warp Weapon                    Charms/Translocation         5
   f - Dragon Form                    Transmutation                7
Miscellaneous
 j - a plain deck of summoning {drawn: 1}
Comestibles
 c - 5 bread rations
 m - 2 slices of pizza
 z - 6 meat rations
 K - 15 fruits


   Skills:
 + Level 6.6 Fighting
 + Level 8.1 Staves
 + Level 10.5 Dodging
 - Level 2.4 Stealth
 + Level 10.6 Spellcasting
 - Level 10.0 Conjurations
 - Level 12.1 Charms
 * Level 0.9 Ice Magic
 * Level 0.8 Air Magic


You had 14 spell levels left.
You knew the following spells:

 Your Spells              Type           Power        Failure   Level  Hunger
a - Magic Dart            Conj           ####         1%          1    None
d - Repel Missiles        Chrm/Air       #####.       1%          2    None
e - Freezing Cloud        Conj/Ice/Air   ####......   96%         6    #####..
w - Iskenderun's Battles  Conj/Chrm      ######..     1%          5    ####...
z - Iskenderun's Mystic   Conj           ######..     1%          4    None


Dungeon Overview and Level Annotations

Branches:
Dungeon (11/15)            Temple (1/1) D:6            Lair (3/8) D:11
    Orc (0/2) D:11
  Swamp: Lair:3-6    Shoals: Lair:3-6     Snake: Lair:3-6    Spider: Lair:3-6

Altars:
Ashenzari
Cheibriados
Dithmenos
Elyvilon
Fedhas
Gozag
Kikubaaqudgha
Makhleb
Nemelex Xobeh
Okawaru
Pakellas
Qazlal
Ru
Sif Muna
Trog
Vehumet
Xom
Yredelemnul
Zin
The Shining One

Shops:
D:9 *   D:11 :


Message History

Aim: a yak (moderately wounded)
The magic dart hits the yak.
The yak is moderately wounded.
Your battlesphere fires!
The barrage of energy hits the yak.
The yak is severely wounded.
The yak closely misses you. The giant frog completely misses you.
The yak gores you! The giant frog closely misses you.
The giant frog closely misses you. The giant frog hits you. The yak gores you!
* * * LOW HITPOINT WARNING * * *
The giant frog misses you.
Drink which item? (? for menu, Esc to quit)
You feel agile all of a sudden. The giant frog misses you.
The giant frog completely misses you.
Drink which item? (? for menu, Esc to quit)
You feel yourself speed up. The giant frog completely misses you.
The giant frog barely misses you. The yak gores you!
You die...

#..†.........# .>
..<..........##...
P.....Y.....†.....
####.#.#†.†..#P...
###...#..†..†...
............#.##
........†YY...#.##
........F.F.......
.......YY@........
..................
.#####.......#P..
##..*..## #.
######.....#
#<.##......#
#..'.......#
#...#.#.....#
##..#.#.....#


You could see 4 yaks, 2 giant frogs and a friendly battlesphere.

Vanquished Creatures
  Erica (D:8)
  A hydra (Lair:2)
  An elephant (Lair:2)
  2 spiny frogs (Lair:1)
  A gargoyle (D:11)
  2 komodo dragons
  A rime drake (Lair:3)
  3 trolls
  A spriggan (Lair:2)
  A wraith (D:11)
  19 yaks
  A wyvern (D:9)
  A basilisk (Lair:2)
  A hungry ghost (D:9)
  3 hippogriffs
  4 water moccasins
  4 porcupines
  7 orc warriors
  3 sky beasts
  7 ice beasts
  4 phantoms
  A black bear (D:6)
  11 wolves
  A wasp (D:8)
  An ogre (D:7)
  5 centaurs
  7 crocodiles
  3 big kobolds
  8 giant frogs
  A gnoll sergeant (D:11)
  A wyvern zombie (D:8)
  9 scorpions
  A water moccasin skeleton (D:8)
  9 killer bees (D:10)
  An electric eel (Lair:1)
  4 howler monkeys
  8 crimson imps
  A centaur skeleton (D:4)
  A centaur zombie (D:5)
  3 hounds
  6 orc priests
  A gnoll shaman (D:7)
  5 jellies
  16 orc wizards
  6 giant frog skeletons
  6 iguanas
  Natasha (thrice) (D:2)
  13 worker ants
  A killer bee zombie (D:8)
  A hound zombie (D:11)
  A worker ant zombie (D:9)
  7 gnolls
  16 river rats
  6 adders
  3 shadow imps
  2 oozes
  An adder skeleton (D:9)
  2 worms
  2 dart slugs
  9 giant geckos
  64 orcs
  A ball python (D:1)
  6 bats
  6 giant cockroaches
  7 goblins
  8 hobgoblins
  15 jackals
  6 quokkas
  A giant gecko zombie (D:5)
  11 giant newts
  18 kobolds
  4 rats
398 creatures vanquished.

Vanquished Creatures (collateral kills)
  Harold (D:11)
1 creature vanquished.

Vanquished Creatures (others)
  A two-headed ogre (D:11)
  A fungus (Lair:2)
2 creatures vanquished.

Grand Total: 401 creatures vanquished

Notes
Turn   | Place    | Note
--------------------------------------------------------------
     0 | D:1      | Joat the Deep Elf Conjurer began the quest for the Orb.
     0 | D:1      | Reached XP level 1. HP: 10/10 MP: 6/6
   211 | D:1      | Reached XP level 2. HP: 15/15 MP: 6/8
   663 | D:1      | Reached skill level 5 in Conjurations
  1181 | D:2      | Found a stormy altar of Qazlal.
  1258 | D:2      | Noticed Natasha
  1262 | D:2      | Killed Natasha
  1262 | D:2      | Reached XP level 3. HP: 19/19 MP: 4/9
  1438 | D:2      | Found a faded altar to an unknown god.
  1456 | D:2      | Reached XP level 4. HP: 24/24 MP: 2/10
  1625 | D:2      | Noticed Natasha
  1630 | D:2      | Killed Natasha
  2009 | D:2      | Learned a level 4 spell: Iskenderun's Mystic Blast
  2068 | D:2      | Noticed Natasha
  2075 | D:2      | Killed Natasha
  2276 | D:3      | Reached XP level 5. HP: 28/28 MP: 10/12
  2507 | D:3      | Found a shimmering altar of Xom.
  3128 | D:3      | Reached XP level 6. HP: 32/32 MP: 9/14
  3689 | D:4      | Found a blossoming altar of Fedhas.
  3704 | D:4      | Reached skill level 5 in Dodging
  3707 | D:4      | Reached skill level 5 in Spellcasting
  3851 | D:4      | Reached XP level 7. HP: 17/36 MP: 9/16
  4060 | D:4      | Found a glowing golden altar of the Shining One.
  4060 | D:4      | Found a white marble altar of Elyvilon.
  4060 | D:4      | Found a glowing silver altar of Zin.
  4085 | D:4      | Got an encrusted quarterstaff
  4086 | D:4      | Identified the +4 quarterstaff "Gram" {flame, rElec MR+ Dex-4} (You found it on level 4 of the Dungeon)
  4245 | D:5      | Entered Level 5 of the Dungeon
  4260 | D:5      | Found a shadowy altar of Dithmenos.
  4400 | D:5      | Reached skill level 1 in Fighting
  4543 | D:5      | Reached skill level 1 in Staves
  4555 | D:5      | Learned a level 5 spell: Iskenderun's Battlesphere
  4612 | D:5      | Found a radiant altar of Vehumet.
  4636 | D:5      | Reached skill level 1 in Charms
  4796 | D:5      | Reached skill level 2 in Charms
  5214 | D:5      | Reached skill level 3 in Charms
  5217 | D:5      | Reached skill level 4 in Charms
  5217 | D:5      | Reached XP level 8. HP: 32/44 MP: 18/18
  5681 | D:5      | Reached skill level 5 in Charms
  6379 | D:6      | Reached skill level 6 in Charms
  6596 | D:6      | Found a staircase to the Ecumenical Temple.
  6605 | Temple   | Entered the Ecumenical Temple
  6645 | Temple   | Became a worshipper of Sif Muna the Loreminder
  7273 | D:6      | Reached skill level 7 in Charms
  7273 | D:6      | Reached XP level 9. HP: 33/50 MP: 10/20
  7293 | D:6      | Found a burning altar of Makhleb.
  8285 | D:7      | Reached skill level 8 in Charms
  8736 | D:7      | Reached * piety under Sif Muna
  8791 | D:7      | Found a sparkling altar of Nemelex Xobeh.
  9168 | D:8      | Reached skill level 9 in Charms
  9191 | D:8      | Reached skill level 5 in Staves
  9595 | D:8      | Noticed Erica
  9603 | D:8      | Killed Erica
  9603 | D:8      | Reached XP level 10. HP: 51/58 MP: 12/23
  9863 | D:8      | Found a blossoming altar of Fedhas.
  9977 | D:9      | Found Cufar's General Store.
  9982 | D:9      | Bought a potion of curing for 42 gold pieces
  9982 | D:9      | Bought a scroll of fear for 49 gold pieces
  9982 | D:9      | Bought a potion of resistance for 140 gold pieces
  9982 | D:9      | Bought a scroll of identify for 28 gold pieces
 10186 | D:9      | Reached skill level 10 in Charms
 10322 | D:9      | Learned a level 2 spell: Repel Missiles
 10433 | D:9      | Reached ** piety under Sif Muna
 10784 | D:10     | Entered Level 10 of the Dungeon
 11274 | D:10     | Reached skill level 5 in Fighting
 12015 | D:11     | Noticed a gargoyle
 12128 | D:11     | Killed a gargoyle
 12218 | D:11     | Noticed Harold
 12231 | D:11     | Killed Harold
 12231 | D:11     | Reached XP level 11. HP: 21/64 MP: 13/26
 12310 | D:11     | Found a staircase to the Lair.
 12504 | D:11     | Found an oddly glowing altar of Pakellas.
 12729 | D:11     | Reached skill level 11 in Charms
 12736 | D:11     | Found a staircase to the Orcish Mines.
 12807 | D:11     | Reached *** piety under Sif Muna
 13110 | D:11     | Got a heavily runed scale mail
 13121 | D:11     | Identified the +4 scale mail of Elyvilon's Castigation {+Inv rC+ Dex+3} (You took it off a big kobold on level 11 of the Dungeon)
 13293 | D:11     | Found Gilughoxt's Book Shoppe.
 13956 | Lair:1   | Entered Level 1 of the Lair of Beasts
 13963 | Lair:1   | Got a shimmering quarterstaff
 13964 | Lair:1   | Identified the +6 quarterstaff "Udwiyff" {speed, MP+9} (You found it on level 1 of the Lair of Beasts)
 14391 | Lair:1   | Reached skill level 10 in Spellcasting
 14827 | Lair:2   | Identified the Catalogue of Translocation and Shape Shifting
 14920 | Lair:2   | Noticed a seven-headed hydra
 14924 | Lair:2   | Killed a seven-headed hydra
 14924 | Lair:2   | Reached skill level 10 in Dodging
 15506 | Lair:2   | Reached skill level 12 in Charms
 15506 | Lair:2   | Reached XP level 12. HP: 71/71 MP: 28/28
 15592 | Lair:2   | Reached **** piety under Sif Muna
 15798 | Lair:2   | Reached skill level 10 in Conjurations
 15945 | Lair:2   | Learned a level 6 spell: Freezing Cloud
 16322 | Lair:3   | Slain by a yak

Skill      XL: |  1  2  3  4  5  6  7  8  9 10 11 12 |
---------------+-------------------------------------+-----
Conjurations   | 5 6 7 8 9 10 | 10.0
Dodging        | 3 4 5 6 8 9 10 | 10.5
Spellcasting   | 4 5 6 7 9 10 | 10.6
Fighting       | 2 3 4 5 6 |  6.6
Staves         | 2 3 5 6 7 8 |  8.1
Charms         | 4 7 9 10 12 | 12.1
Stealth        | |  2.4
Ice Magic      | |  0.9
Air Magic      | |  0.8

Action                   |  1- 3 |  4- 6 |  7- 9 | 10-12 || total
-------------------------+-------+-------+-------+-------++-------
Melee: Mace              |       |    16 |       |       ||    16
       Dagger            |       |     6 |       |       ||     6
       Quarterstaff      |       |       |   214 |   183 ||   397
 Cast: Magic Dart        |    54 |   165 |   206 |   370 ||   795
       Iskenderun's Myst |       |       |     1 |       ||     1
       Iskenderun's Batt |       |       |    16 |    65 ||    81
       Repel Missiles    |       |       |       |     3 ||     3
Evoke: Deck              |       |       |       |     1 ||     1
       Wand              |       |       |       |     2 ||     2
  Use: Scroll            |     3 |     1 |     8 |    12 ||    24
       Potion            |       |       |     3 |     5 ||     8
 Stab: Sleeping          |       |       |     5 |     2 ||     7
  Eat: Chunk             |     1 |     6 |    24 |    27 ||    58
       Beef jerky        |       |     1 |       |     2 ||     3
       Royal jelly       |       |       |       |     1 ||     1
Armor: Robe              |     1 |     4 |    37 |    48 ||    90
Dodge: Dodged            |     1 |    41 |   152 |   304 ||   498
       Deflected         |       |       |       |     7 ||     7
Block: Other             |       |     1 |    21 |       ||    22
